 Dungeon Crawl Stone Soup version 0.18-a0-1718-g40ea4b6 (webtiles) character file.

63 barb4r1an the Chopper (level 3, 0/34 HPs)
             Began as a Deep Dwarf Berserker on Apr 8, 2016.
             Was a Believer of Trog.
             Slain by a sky beast (2 damage)
             ... on level 3 of the Dungeon.
             The game lasted 00:25:07 (2437 turns).

barb4r1an the Chopper (Deep Dwarf Berserker)        Turns: 2437, Time: 00:25:09

Health: 0/34       AC:  7    Str: 21    XL:     3   Next: 89%
Magic:  2/2        EV: 12    Int:  7    God:    Trog [**....]
Gold:   199        SH:  0    Dex: 16    Spells: 0 memorised, 2 levels left

rFire  . . .     SeeInvis .     a - +0 hand axe
rCold  . . .     Gourm    .     i - +0 ring mail
rNeg   . . .     Faith    .     (no shield)
rPois  .         Spirit   .     (no helmet)
rElec  .         Dismiss  .     m - +0 cloak
rCorr  .         Reflect  .     (no gloves)
SustAt .         Harm     .     (no boots)
MR     .....                    j - amulet of magic regeneration
Stlth  +.........               d - +1 ring of protection
                                g - +4 ring of dexterity

@: non-regenerating, not resistant to hostile enchantments, very unstealthy
A: damage resistance, recharge devices, sense surroundings 1, slow regeneration
3
a: Device Recharging, Berserk, Trog's Hand, Burn Spellbooks, Renounce Religion


You were on level 3 of the Dungeon.
You worshipped Trog.
Trog was pleased with you.
You were hungry.

You visited 1 branch of the dungeon, and saw 3 of its levels.

You collected 199 gold pieces.

Inventory:

Hand Weapons
 a - a +0 hand axe (weapon)
Armour
 b - a +0 animal skin
 i - a +0 ring mail (worn)
 m - a +0 cloak (worn)
Jewellery
 d - a +1 ring of protection (right hand)
 g - a +4 ring of dexterity (left hand)
 j - an amulet of magic regeneration (around neck)
 s - a +3 ring of intelligence {unknown}
 u - a +1 ring of evasion {unknown}
Wands
 c - a wand of heal wounds (8/9)
Scrolls
 f - a scroll of teleportation {unknown}
 k - a scroll of noise {unknown}
 l - 2 scrolls of fog {unknown}
 o - 4 scrolls of blinking {unknown}
 p - 4 scrolls of remove curse {unknown}
 q - a scroll of identify {unknown}
 t - a scroll of enchant weapon {unknown}
Potions
 e - 2 potions of heal wounds {unknown}
 h - a potion of flight {unknown}
 n - 2 potions of curing {unknown}
Comestibles
 r - 4 fruits


   Skills:
 * Level 3.1 Fighting
 * Level 3.6 Axes
 * Level 2.9 Armour
 * Level 3.3 Dodging
 + Level 0.3 Evocations


You had 2 spell levels left.
You didn't know any spells.

Dungeon Overview and Level Annotations

Branches:
Dungeon (3/15)

Altars:
Ashenzari
Dithmenos
Zin


Innate Abilities, Weirdness & Mutations

You are resistant to damage.
You can recharge devices by infusing magical energy.
You passively map a small area around you.
You do not regenerate naturally.


Message History

Reactivating autopickup.
The sky beast hits you but does no damage.
The sky beast flickers out of sight!
Deactivating autopickup; reactivate with Ctrl-A.
Something hits you. Something shocks you.
* * * LOW HITPOINT WARNING * * *
You miss something. Something hits you but does no damage.
You miss something. Something hits you but does no damage.
You barely miss something. Something hits you.
* * * LOW HITPOINT WARNING * * *
Something shocks you.
* * * LOW HITPOINT WARNING * * *
You miss something. Something hits you but does no damage.
You miss something. Something hits you but does no damage.
You miss something. Something hits you but does no damage.
You miss something. Something hits you but does no damage.
You miss something. Something hits you.
* * * LOW HITPOINT WARNING * * *
Something shocks you.
You die...

...#..#######...........####)##.#
##.#....................'....>#.#
#.#....................#######.#
#.#.........#####'#....##.......
#.#..........# #.#.##.##.####.#
#.#.#........# #.#.##.##.####.#
##'#..........# #.#.##.##......#
......######..####.#.##.###.....#
......# #...{@...........###..
......######.#####.#.##.###.#)##.
......+.......# #.#.##.....##.#.
......######..# #.#.######..##..
####### #..# #.#............. #
#..# #.........##...# # #..#
#########.#..†.# # ##########..#
#.#.#... # #...........# #.#)#...


There were no monsters in sight!

Vanquished Creatures
  2 adders (D:2)
  3 giant geckos
  3 giant cockroaches
  5 hobgoblins (D:2)
  5 kobolds
  5 bats
  4 giant newts
  5 goblins
  15 rats
47 creatures vanquished.

Notes
Turn   | Place    | Note
--------------------------------------------------------------
     0 | D:1      | barb4r1an the Deep Dwarf Berserker began the quest for the Orb.
     0 | D:1      | Reached XP level 1. HP: 20/20 MP: 1/1
   237 | D:1      | Reached XP level 2. HP: 17/27 MP: 2/2
  1166 | D:2      | Reached ** piety under Trog
  1168 | D:2      | Found a shattered altar of Ashenzari.
  1246 | D:2      | Reached XP level 3. HP: 30/34 MP: 2/2
  1562 | D:2      | Found a glowing silver altar of Zin.
  1564 | D:2      | Found a shadowy altar of Dithmenos.
  1614 | D:2      | Found a faded altar to an unknown god.
  2414 | D:3      | Noticed a sky beast
  2437 | D:3      | Slain by a sky beast

Vault maps used:
D:1:      dpeg_arrival_another_circle, minmay_misc_feat_columns,
          minmay_rat_gold_closets
D:2:      evilmike_ruin_ashenzari, amethyst_overflow_temple_binary,
          ecumenical_altar_1
D:3:      minmay_bisected

Skill      XL: |  1  2  3 |
---------------+----------+-----
Fighting       | 3 |  3.1
Dodging        | 3 |  3.3
Axes           | |  3.6
Armour         | |  2.9
Evocations     | |  0.3

Action                   || total
-------------------------++-------
Melee: Hand axe          ||   171
 Abil: Device Recharging ||     1
Evoke: Wand              ||     1
  Eat: Bread ration      ||     1
